 Dungeon Crawl Stone Soup version 0.23.0 (webtiles) character file.

Game seed: 1183807174656990918

9 tidbits the Insei (level 2, -1/23 HPs)
             Began as a Gnoll Transmuter on Feb 14, 2019.
             Slain by a rat (2 damage)
             ... on level 2 of the Dungeon.
             The game lasted 00:00:47 (91 turns).

tidbits the Insei (Gnoll Transmuter)                  Turns: 91, Time: 00:00:47

Health: -1/23      AC:  2    Str: 12    XL:     2   Next: 16%
Magic:  5/7        EV: 14    Int: 15    God:
Gold:   0          SH:  0    Dex: 15    Spells: 9/10 levels left

rFire    . . .     SeeInvis .     - Unarmed
rCold    . . .     Gourm    .   (no shield)
rNeg     . . .     Faith    .   b - +0 robe
rPois    .         Spirit   .   (no helmet)
rElec    .         Reflect  .   (no cloak)
rCorr    .         Harm     .   (no gloves)
MR       .....                  (boots currently unavailable)
Stlth    ++........             (no amulet)
HPRegen  0.07/turn              (no ring)
MPRegen  0.10/turn              (no ring)

@: appendage
A: distributed training, fangs 1, talons 3, strong nose
a: End Transformation


You were on level 2 of the Dungeon.
You were not hungry.
You had grown temporary talons.
You visited 1 branch of the dungeon, and saw 2 of its levels.

Inventory:

Missiles
 a - 50 arrows
Armour
 b - a +0 robe (worn)
Potions
 c - a potion of haste {unknown}
Comestibles
 d - a ration


   Skills:
 + Level 2.4 Fighting
 + Level 0.3 Short Blades
 + Level 0.3 Long Blades
 + Level 0.3 Axes
 + Level 0.3 Maces & Flails
 + Level 0.3 Polearms
 + Level 0.3 Staves
 + Level 0.3 Slings
 + Level 0.3 Bows
 + Level 0.3 Crossbows
 + Level 0.3 Throwing
 + Level 0.3 Armour
 + Level 4.4 Dodging
 + Level 0.3 Stealth
 + Level 0.3 Shields
 + Level 6.4 Unarmed Combat
 + Level 4.9 Spellcasting
 + Level 0.2 Conjurations
 + Level 0.2 Hexes
 + Level 0.2 Charms
 + Level 0.2 Summonings
 + Level 0.2 Necromancy
 + Level 0.2 Translocations
 + Level 3.7 Transmutations
 + Level 0.2 Fire Magic
 + Level 0.2 Ice Magic
 + Level 0.2 Air Magic
 + Level 0.2 Earth Magic
 + Level 0.2 Poison Magic
 + Level 0.4 Invocations
 + Level 0.3 Evocations


You had 9 spell levels left.
You knew the following spells:

 Your Spells              Type           Power        Failure   Level  Hunger
e - Beastly Appendage     Tmut           ##....       3%          1    None

Your spell library contained the following spells:

 Spells                   Type           Power        Failure   Level  Hunger
 Sticks to Snakes         Tmut           ##......     5%          2    ##.....
 Spider Form              Tmut/Pois      #.........   22%         3    ###....
 Ice Form                 Ice/Tmut       #.......     58%         4    ####...
 Blade Hands              Tmut           ##........   69%         5    ######.


Dungeon Overview and Level Annotations

Branches:
Dungeon (2/15)

Altars:


Innate Abilities, Weirdness & Mutations

Your experience applies equally to all skills.
You have very sharp teeth.
Your uncanny sense of smell can sniff out nearby items.
You have claws for feet.


Message History

You open the door.
There is an open door here.
Your transformation is almost over.
You enter the shallow water.
Moving in this stuff is going to be slow.
Unknown command.
Your horns disappear.
Found 21 arrows.
Unknown command.
You see here 21 arrows.
a - 33 arrows (gained 21)
You open the door.
Unknown command.
There is an open door here.
Unknown command.
HP restored.
A rat comes into view.
Found a stone staircase leading down.
Casting: Beastly Appendage (safe; 3% risk of failure)
Confirm with . or Enter, or press ? or * to list all spells.
Your feet morph into talons.
Unknown command.
A kobold comes into view. It is wielding a +0 short sword.
The rat bites you.
You barely miss the rat. You claw the rat.
The rat is severely wounded.
The rat closely misses you.
Unknown command.
You hit the rat.
You kill the rat!
The kobold shouts!
There is a stone staircase leading down here.
Unknown command.
Casting: Beastly Appendage (safe; 3% risk of failure)
Confirm with . or Enter, or press ? or * to list all spells.
You don't know that spell.
You hit the kobold. You claw the kobold, but do no damage.
Your bite misses the kobold.
The kobold is severely wounded.
The kobold hits you with a +0 short sword.
You closely miss the kobold. You claw the kobold, but do no damage.
The kobold is severely wounded.
The kobold barely misses you.
You closely miss the kobold. Your kick misses the kobold.
The kobold is severely wounded.
The kobold hits you with a +0 short sword.
* * * LOW HITPOINT WARNING * * *
You hit the kobold.
You kill the kobold!
You climb downwards.
Found 17 arrows.
There is a stone staircase leading up here.
Unknown command.
Your transformation is almost over.
Found 26 sling bullets.
Found a stone staircase leading up.
Unknown command.
You see here 17 arrows.
a - 50 arrows (gained 17)
Found 11 gold pieces.
Your talons disappear.
There is a stone staircase leading up here.
Unknown command.
You climb upwards.
The ooze quivers.
A rat and a giant cockroach come into view.
The rat barely misses you.
Found a stone staircase leading down.
There is a stone staircase leading down here.
The ooze hits you.
* * * LOW HITPOINT WARNING * * *
The rat closely misses you.
You climb downwards.
There is a stone staircase leading up here.
Unknown command.
Casting: Beastly Appendage (safe; 3% risk of failure)
Confirm with . or Enter, or press ? or * to list all spells.
Your feet morph into talons.
The ooze barely misses you. The rat closely misses you.
You hit the ooze. You claw the ooze, but do no damage.
The ooze is lightly wounded.
The ooze hits you.
* * * LOW HITPOINT WARNING * * *
The rat barely misses you.
You hit the ooze.
The ooze is moderately wounded.
The ooze hits you but does no damage. The rat barely misses you.
You hit the ooze.
The ooze is almost dead.
The ooze hits you.
* * * LOW HITPOINT WARNING * * *
The rat barely misses you.
You hit the ooze but do no damage. You claw the ooze.
You kill the ooze!
You have reached level 2!
The rat bites you.
* * * LOW HITPOINT WARNING * * *
You barely miss the rat. Your kick misses the rat. The rat misses you.
You barely miss the rat. You bite the rat, but do no damage. The rat bites you.
You die...

.## ∆ ∆ ..$.##
.....# # .
#..### .#.# #.
#.@.###...#
#.####r#....#
#..###.#.#.#
#.......<..#...
#...............
#.........#.##..
#######....(# ∆
....### .....#


You could see a rat.

Vanquished Creatures
  An ooze (D:2)
  A giant cockroach (D:1)
  A kobold (D:1)
  A ball python (D:1)
  A bat (D:1)
  A rat (D:1)
6 creatures vanquished.

Notes
Turn   | Place    | Note
-------+----------+-------------------------------------------
     0 | D:1      | tidbits the Gnoll Transmuter began the quest for the Orb.
     0 | D:1      | Reached XP level 1. HP: 17/17 MP: 6/6
    88 | D:2      | HP: 1/17 [ooze (4)]
    89 | D:2      | Reached XP level 2. HP: 2/23 MP: 5/7
    91 | D:2      | Slain by a rat

Action                   || total
-------------------------++-------
Melee: Unarmed           ||    23
       Kick              ||     5
       Bite              ||     2
 Cast: Beastly Appendage ||     3
Armor: Robe              ||     5
Dodge: Dodged            ||    18

Table legend:
 A = Turns spent in this place as a percentage of turns spent in the entire game.
 B = Non-inter-level travel turns spent in this place as a percentage of non-inter-level travel turns spent in the entire game.
 C = Inter-level travel turns spent in this place as a percentage of turns spent in this place.
 D = Turns resting spent in this place as a percentage of non-inter-level travel turns spent in this place.
 E = Turns spent auto-exploring this place as a percentage of non-inter-level travel turns spent in this place.
 F = Non-inter-level travel turns spent in this place divided by the number of levels of this place that you've seen.
                   A       B       C       D       E      F
               +-------+-------+-------+-------+-------+----------------------
         Total | 100.0 | 100.0 |   0.0 |   0.0 |   0.0 |  45.5
       Dungeon | 100.0 | 100.0 |   0.0 |   0.0 |   0.0 |  45.5
               +-------+-------+-------+-------+-------+----------------------

Table legend:
 A = Kills in this place as a percentage of kills in entire the game.
 B = Kills by you in this place as a percentage of kills by you in the entire game.
 C = Kills by friends in this place as a percentage of kills by friends in the entire game.
 D = Other kills in this place as a percentage of other kills in the entire game.
 E = Experience gained in this place as a percentage of experience gained in the entire game.
 F = Experience gained in this place divided by the number of levels of this place that you have seen.
                   A       B       C       D       E      F
               +-------+-------+-------+-------+-------+----------------------
         Total | 100.0 | 100.0 |   N/A |   N/A | 100.0 |   7.0
       Dungeon | 100.0 | 100.0 |   N/A |   N/A | 100.0 |   7.0
               +-------+-------+-------+-------+-------+----------------------

Levels and vault maps discovered:
D:1:      nzn_arrival_depleted_hourglass, layout_rooms
D:2:      layout_rooms, fiery_altar_vehumet, st_stairs_1,
          kennysheep_generic_room_15
